 Dungeon Crawl Stone Soup version 0.25-a0-294-gea9b1ad (webtiles) character file.

Game seed: 2890733168446189818, levelgen mode: deterministic

577 MrTaco21 the Cudgeler (level 7, 0/41 HPs)
             Began as a Gargoyle Fighter on Dec 19, 2019.
             Slain by a bullfrog zombie (5 damage)
             ... on level 4 of the Dungeon.
             The game lasted 00:05:06 (3264 turns).

MrTaco21 the Cudgeler (Gargoyle Fighter)            Turns: 3264, Time: 00:05:07

Health: 0/41       AC: 12    Str: 22    XL:     7   Next: 35%
Magic:  7/7        EV:  7    Int:  8    God:
Gold:   259        SH: 10    Dex:  9    Spells: 6/6 levels left

rFire    . . .     SeeInvis .   a - +0 flail
rCold    . . .     Gourm    .   c - +1 shield
rNeg     + . .     Faith    .   b - +0 scale mail
rPois    ∞         Spirit   .   (no helmet)
rElec    +         Reflect  .   n - scarf {repulsion}
rCorr    .         Harm     .   p - +0 pair of gloves
MR       .....                  (no boots)
Stlth    ..........             (no amulet)
HPRegen  0.13/turn              (no ring)
MPRegen  0.10/turn              (no ring)

@: repel missiles
A: negative energy resistance 1, electricity resistance, unbreathing,
petrification resistance, rot immunity, AC +4
a: no special abilities


You were on level 4 of the Dungeon.
You were not hungry.

You visited 1 branch of the dungeon, and saw 4 of its levels.

You collected 259 gold pieces.

Inventory:

Hand Weapons
 a - a +0 flail (weapon)
Armour
 b - a +0 scale mail (worn)
 c - a +1 shield (worn)
 n - a scarf of repulsion (worn)
   (You found it on level 1 of the Dungeon)
 p - a +0 pair of gloves (worn)
   (You found it on level 1 of the Dungeon)
Jewellery
 x - an uncursed amulet of guardian spirit
   (You took it off an orc on level 3 of the Dungeon)
Scrolls
 g - 5 scrolls of identify {@r1}
 h - a scroll of magic mapping {unknown}
 i - a scroll of enchant weapon {unknown}
 j - 4 scrolls of enchant armour
 k - a scroll of noise {unknown}
 l - 3 scrolls of teleportation {unknown}
 m - a scroll of fear {unknown}
 u - a scroll of remove curse {unknown}
 v - a scroll of blinking {unknown}
 w - a scroll of fog {unknown}
Potions
 d - 2 potions of might
 f - a potion of lignification {unknown}
 o - a potion of flight {unknown}
 q - a potion of berserk rage {unknown}
 r - a potion of resistance {unknown}
 s - a potion of heal wounds {unknown}
 t - a potion of brilliance {unknown}
 z - a potion of curing {unknown}
Comestibles
 e - 6 rations {!d}


   Skills:
 - Level 3.2 Fighting
 + Level 7.9 Maces & Flails
 - Level 3.2 Armour
 - Level 3.2 Shields


You had 6 spell levels left.
You didn't know any spells.
Your spell library was empty.

Dungeon Overview and Level Annotations

Branches:
Dungeon (4/15)
 Temple: D:4-7

Altars:

Annotations:
D:3 Sigmund


Innate Abilities, Weirdness & Mutations

You are resistant to torment.
Your stone body is resilient. (AC +4)
You are immune to poison.
You resist negative energy. (rN+)
You are resistant to electric shocks. (rElec)
You can survive without breathing.
You are immune to petrification.
You are immune to rotting.


Message History

You sock Grijm's ghost! Grijm's ghost closely misses you.
Unknown command.
You hit Grijm's ghost. Grijm's ghost hits you.
* * * LOW HITPOINT WARNING * * *
Unknown command.
You closely miss Grijm's ghost.
Grijm's ghost says, "You can hit me, but you can't hurt me."
Grijm's ghost closely misses you.
You thump Grijm's ghost! Grijm's ghost hits you.
* * * LOW HITPOINT WARNING * * *
You hit Grijm's ghost but do no damage. Grijm's ghost barely misses you.
You barely miss Grijm's ghost. You block Grijm's ghost's attack.
Unknown command.
Unknown command.
You hit Grijm's ghost. Grijm's ghost hits you.
* * * LOW HITPOINT WARNING * * *
You sock Grijm's ghost!
You destroy Grijm's ghost!
Unknown command.
You hit the bullfrog zombie. The bullfrog zombie barely misses you.
The bullfrog zombie hits you but does no damage.
You barely miss the bullfrog zombie. The bullfrog zombie closely misses you.
Unknown command.
Your shield prevents you from hitting the bullfrog zombie.
You block the bullfrog zombie's attack. The bullfrog zombie barely misses you.
Unknown command.
You barely miss the bullfrog zombie. You block the bullfrog zombie's attack.
You sock the bullfrog zombie! The bullfrog zombie barely misses you.
The bullfrog zombie hits you but does no damage.
You hit the bullfrog zombie. The bullfrog zombie hits you.
* * * LOW HITPOINT WARNING * * *
You thump the bullfrog zombie! You block the bullfrog zombie's attack.
The bullfrog zombie hits you but does no damage.
Unknown command.
You completely miss the bullfrog zombie.
The bullfrog zombie hits you but does no damage.
You closely miss the bullfrog zombie. The bullfrog zombie hits you.
* * * LOW HITPOINT WARNING * * *
Unknown command.
You barely miss the bullfrog zombie.
The bullfrog zombie closely misses you. x2
Unknown command.
You hit the bullfrog zombie but do no damage.
You block the bullfrog zombie's attack.
You sock the bullfrog zombie!
The bullfrog zombie hits you but does no damage.
Unknown command.
You sock the bullfrog zombie!
You destroy the bullfrog zombie!
You closely miss the bullfrog zombie. The bullfrog zombie hits you.
You die...

.##.#
#.#.....#....#####
.##.#
##.'...$##........#
.##.#
#..'...?.#....###.#
.##.#
#..'....##....# #.#
.##.#
#).#.....#....# #.#
.##.#
#..#.#$#.#....# #.#
.##.#
#.########....# #.#
..#.#
#Z###.........###.#
#.#.#
#.@......####[....#
#.#.#
#####....#>.##...##
#...#
######...#...#.
##..# ##..#...#'
#..# #####.....#
##..# #..........
....# #......♣..(
##### #..........
#####.....#


You could see a bullfrog zombie.

Vanquished Creatures
  The ghost of Grijm the Shield-Bearer, an amateur TrEE (D:4)
  The ghost of MrTaco21 the Shield-Bearer, an amateur GrFi (D:3)
  A scorpion (D:4)
  A howler monkey (D:4)
  A bullfrog zombie (D:4)
  A crimson imp (D:3)
  A bullfrog skeleton (D:4)
  Terence (D:3)
  3 worker ants
  A hound zombie (D:3)
  3 adders (D:3)
  An adder skeleton (D:4)
  A worm (D:2)
  2 dart slugs
  4 leopard geckos
  7 orcs
  A ball python (D:3)
  A giant cockroach (D:3)
  7 hobgoblins
  3 jackals (D:1)
  9 kobolds
  2 quokkas (D:3)
  14 bats
  A frilled lizard (D:1)
  6 goblins
  A quokka skeleton (D:4)
  13 rats
88 creatures vanquished.

Notes
Turn   | Place    | Note
-------+----------+-------------------------------------------
     0 | D:1      | MrTaco21 the Gargoyle Fighter began the quest for the Orb.
     0 | D:1      | Reached XP level 1. HP: 14/14 MP: 1/1
   213 | D:1      | Reached XP level 2. HP: 14/19 MP: 2/2
   446 | D:1      | Reached skill level 3 in Maces & Flails
   741 | D:2      | Reached XP level 3. HP: 23/23 MP: 3/3
  1474 | D:3      | Noticed Terence
  1481 | D:3      | Killed Terence
  1481 | D:3      | Reached skill level 4 in Maces & Flails
  1481 | D:3      | Reached XP level 4. HP: 27/28 MP: 4/4
  1617 | D:3      | Reached skill level 5 in Maces & Flails
  1617 | D:3      | Reached XP level 5. HP: 32/32 MP: 5/5
  1629 | D:3      | Noticed Sigmund
  2013 | D:3      | Found a runed translucent door.
  2019 | D:3      | Noticed MrTaco21's ghost (amateur GrFi)
  2525 | D:3      | Killed MrTaco21's ghost
  2525 | D:3      | Reached skill level 6 in Maces & Flails
  2525 | D:3      | Reached XP level 6. HP: 30/37 MP: 6/6
  2930 | D:4      | Reached skill level 7 in Maces & Flails
  2951 | D:4      | Reached XP level 7. HP: 38/41 MP: 7/7
  3037 | D:4      | Found a runed translucent gate.
  3037 | D:4      | Found a runed translucent gate.
  3037 | D:4      | Found a runed translucent gate.
  3037 | D:4      | Noticed Grijm's ghost (amateur TrEE)
  3250 | D:4      | Killed Grijm's ghost
  3264 | D:4      | Slain by a bullfrog zombie

Levels and vault maps discovered:
D:1:      minmay_arrival_four_circles, layout_basic, minmay_tetromino_o4
D:2:      layout_basic
D:3:      layout_basic, first_ration, ebering_ghost_sewer_d, uniq_terence,
          uniq_sigmund
D:4:      layout_basic, gammafunk_ghost_necromancy, grunt_ministairs_6

Skill      XL: |  1  2  3  4  5  6 |
---------------+-------------------+-----
Maces & Flails | 3 4 5 6 7 |  7.9
Fighting       | |  3.2
Armour         | |  3.2
Shields        | |  3.2

Action                   |  1- 3 |  4- 6 |  7- 9 || total
-------------------------+-------+-------+-------++-------
Melee: Flail             |   147 |   187 |    26 ||   360
  Use: Scroll            |     2 |       |       ||     2
  Eat: Chunk             |     2 |     5 |     1 ||     8
Armor: Scale mail        |    90 |    92 |     9 ||   191
Dodge: Dodged            |    52 |    54 |    10 ||   116
       Deflected         |       |     2 |       ||     2
Block: Shield            |   106 |   126 |     8 ||   240

Table legend:
 A = Non-vault XP
 B = Vault XP
 C = Vault XP percentage of total XP
 D = Non-vault monster count
 E = Vault monster count
 F = Vault count percentage of total count
                 A         B        C        D         E       F
            +---------+---------+-------+---------+---------+-------
      Total |     407 |     418 |  50.7 |      77 |      11 |  12.5
            +---------+---------+-------+---------+---------+-------
        D:1 |      26 |       3 |  10.3 |      16 |       2 |  11.1
        D:2 |      36 |       0 |   0.0 |      20 |       0 |   0.0
        D:3 |     163 |     182 |  52.8 |      34 |       5 |  12.8
        D:4 |     182 |     233 |  56.1 |       7 |       4 |  36.4
            +---------+---------+-------+---------+---------+-------
